 Dungeon Crawl Stone Soup version 0.26-a0-950-g52035dc9a5 (webtiles) character file.

Game seed: 12447912574366321189

55635 Ge0ff the Whirler (level 15, -13/111 HPs)
             Began as a Halfling Hunter on Nov 29, 2020.
             Was an Initiate of Gozag.
             Engulfed by a cloud of freezing vapour (26 damage)
             ... in an ice cave.
             The game lasted 00:45:39 (19159 turns).

Ge0ff the Whirler (Halfling Hunter)                Turns: 19159, Time: 00:45:40

Health: -13/111    AC: 19    Str: 16    XL:     15   Next: 18%
Magic:  15/15      EV: 22    Int:  9    God:    Gozag
Gold:   2053       SH:  0    Dex: 25    Spells: 14/14 levels left

rFire    + + .     SeeInvis .   a - +9 fustibalus (flame)
rCold    . . .     Faith    .   (shield restricted)
rNeg     . . .     Spirit   .   s - +0 fire dragon scales
rPois    .         Reflect  .   N - +2 helmet
rElec    .         Harm     .   V - +1 cloak
rCorr    .         Rampage  .   G - +0 pair of gloves
MR       +....                  (no boots)
Stlth    +.........             f - amulet of regeneration
HPRegen  0.68/turn              Y - ring of protection from cold
MPRegen  0.14/turn              J - +6 ring of dexterity {=R}

@: no status effects
A: small, mutation resistance 1
a: Potion Petition, Call Merchant, Bribe Branch, Renounce Religion


You were in an ice cave.
You worshipped Gozag.
Gozag was most pleased with you.
You visited 2 branches of the dungeon, and saw 16 of its levels.
You also visited: Ice Cave.

You collected 4172 gold pieces.
You spent 693 gold pieces at shops.
You paid 1426 gold pieces to Gozag.

Inventory:

Hand Weapons
 a - a +9 fustibalus of flaming (weapon)
 b - a +0 dagger of electrocution {don't train}
 u - a +3 vampiric spear {don't train}
 w - a +2 short sword of venom {don't train}
 D - a +1 short sword of distortion {don't train}
Missiles
 d - 85 sling bullets
 g - 5 throwing nets {don't train=f}
 v - 10 curare-tipped darts {don't train=f}
 I - 230 stones (quivered) {don't train}
 K - 14 boomerangs {don't train}
Armour
 r - the +0 scale mail "Goorut" {rElec Int+4 Dex+6}
   (You found it on level 12 of the Dungeon)

   It affects your intelligence (+4).
   It affects your dexterity (+6).
   It insulates you from electricity.
 s - +0 fire dragon scales (worn)
 t - a +1 ring mail of cold resistance
 G - a +0 pair of gloves (worn)
 N - a +2 helmet (worn)
 S - a +1 scale mail of fire resistance
 V - a +1 cloak (worn)
Jewellery
 f - an amulet of regeneration (around neck)
 h - an uncursed ring of fire
 l - a +6 ring of strength
 J - a +6 ring of dexterity (right hand) {=R}
 P - an uncursed ring of poison resistance
 Q - an uncursed ring of see invisible
 Y - a ring of protection from cold (left hand)
Wands
 k - a wand of iceblast (12)
 p - a wand of paralysis (12)
 x - a wand of random effects (25)
Scrolls
 i - a scroll of enchant weapon
 j - 4 scrolls of enchant armour
 m - 2 scrolls of magic mapping
 y - 7 scrolls of immolation
 B - 4 scrolls of blinking
 C - 7 scrolls of remove curse
 E - 3 scrolls of fear
 F - 3 scrolls of fog
 T - 4 scrolls of teleportation
Potions
 o - 3 potions of ambrosia
 q - 10 potions of curing
 z - 2 potions of brilliance
 A - 3 potions of attraction
 H - a potion of haste {!q}
 L - 3 potions of lignification
 M - a potion of might
 O - 2 potions of mutation {!q}
 R - 2 potions of resistance
 W - a potion of heal wounds {!q}
 X - a potion of flight
 Z - 2 potions of berserk rage {!q}
Miscellaneous
 c - a condenser vane (inert)
 n - a phial of floods
 U - a phantom mirror


   Skills:
 * Level 13.4 Fighting
 + Level 16.0 Slings
 + Level 11.2 Armour
 + Level 11.5 Dodging
 - Level 3.0 Stealth
 + Level 9.8 Evocations


You had 14 spell levels left.
You didn't know any spells.
Your spell library contained the following spells:

 Spells                   Type           Power        Failure   Level
 Animate Skeleton         Necr           #.....       80%         1
 Apportation              Tloc           #.....       80%         1
 Beastly Appendage        Tmut           #.....       80%         1
 Corona                   Hex            #......      80%         1
 Pain                     Necr           #...         80%         1
 Summon Small Mammal      Summ           #...         80%         1
 Passwall                 Tmut/Erth      #.......     91%         2
 Wereblood                Tmut           #.......     91%         2
 Call Canine Familiar     Summ           #.......     99%         3
 Lesser Beckoning         Tloc           #.........   99%         3
 Spider Form              Tmut/Pois      #.........   99%         3
 Tukima's Dance           Hex            #.......     99%         3
 Vampiric Draining        Necr           #.........   99%         3
 Animate Dead             Necr           #.........   100%        4
 Ice Form                 Ice/Tmut       #.......     100%        4
 Petrify                  Tmut/Erth      #.......     100%        4
 Agony                    Necr           #.......     100%        5
 Alistair's Intoxication  Tmut/Pois      #........    100%        5
 Blade Hands              Tmut           #.........   100%        5
 Lee's Rapid Deconstruct  Erth           #.........   100%        5
 Hydra Form               Tmut           #.........   100%        6
 Invisibility             Hex            #.......     100%        6
 Shadow Creatures         Summ           N/A          100%        6
 Statue Form              Tmut/Erth      #........    100%        6


Dungeon Overview and Level Annotations

Branches:
Dungeon (15/15)            Temple (1/1) D:4            Lair (0/6) D:9
    Orc (0/2) D:9          Vaults (0/5) D:13         Depths (0/5) D:15
  IceCv (1/1)

Altars:
Ashenzari
Cheibriados
Dithmenos
Elyvilon
Fedhas
Gozag
Hepliaklqana
Kikubaaqudgha
Makhleb
Nemelex Xobeh
Okawaru
Qazlal
Ru
Sif Muna
Trog
Uskayaw
Vehumet
Wu Jian
Xom
Yredelemnul
Zin
The Shining One

Shops:
D:6 }   D:7 [(   D:9 *

Annotations:
D:12 2 runed translucent doors (manual of Fighting), exclusion: 2 doors, Sahoed's ghost, journeyman VSBe
D:13 (dig)


Innate Abilities, Weirdness & Mutations

You are small and have problems with some larger weapons.
You are somewhat resistant to further mutation.


Message History

You start resting.
You are engulfed in freezing vapours.
You start resting.
HP restored.
You now have 2046 gold pieces (gained 4).
Really walk into that cloud of freezing vapour?
You are engulfed in freezing vapours.
You are engulfed in freezing vapours.
You are engulfed in freezing vapours.
You are engulfed in freezing vapours.
You see here 7 gold pieces.
You now have 2053 gold pieces (gained 7).
You are engulfed in freezing vapours.
You are engulfed in freezing vapours.
* * * LOW HITPOINT WARNING * * *
You are engulfed in freezing vapours.
* * * LOW HITPOINT WARNING * * *
You are engulfed in freezing vapours.
You die...
Your body crumbles into a pile of gold.

#...##..#.#.§§°§#§§##).#..
#.).##..#.##.§§°§☼##)..##.
#...#...#..###.°§☼##....#.
##.##........#§§§###....##
##.#.........#○..# ##....#
#..#..####...#...# ##.#.##
#|...............# #..###.
#..#....§§....#..# #...##.
##.#.#..#@#☼§##.## #.....≈
##.###..#§##§#..# #..#...
#...#..##§§#○°○°# ##..#..#
#.).##.#§§.##☼.# #...####
#...####§☼§§§☼.# #..##
##### #§§§§§§## ##...#
##☼○°§§# #...## ##.☼§##
##..## ##### #....##


There were no monsters in sight!

Vanquished Creatures
  Frances (D:14)
  Kirke (D:13)
  Roxanne (D:14)
  A reaper (IceCv)
  Erolcha (D:12)
  An ice dragon (D:15)
  A centaur warrior (D:14)
  2 boulder beetles (D:14)
  An ogre mage (D:15)
  2 hydras (D:12)
  12 two-headed ogres
  Nergalle (D:12)
  Sonja (D:12)
  7 skeletal warriors
  A necromancer (D:13)
  A deep elf mage (D:13)
  An ugly thing (D:12)
  3 cyclopes
  2 manticores
  2 ice statues (IceCv)
  3 centaur skeletons
  2 gargoyles
  A kobold demonologist (D:13)
  2 komodo dragons (D:12)
  A yaktaur (D:12)
  10 ice devils (IceCv)
  A jumping spider (shapeshifter) (D:12)
  10 trolls
  2 polar bears (D:15)
  3 hornets
  A blink frog (shapeshifter) (D:13)
  11 slime creatures
  Sigmund (D:4)
  2 wyverns (D:13)
  A shadow (D:11)
  A water elemental (D:12)
  4 hogs (D:13)
  3 wraiths
  20 yaks
  Grum (D:8)
  A basilisk (D:12)
  2 steam dragons
  2 acid dragons
  A soldier ant (D:13)
  2 water moccasins
  8 ice beasts
  4 phantoms
  9 sky beasts
  5 orc warriors
  2 eyes of draining
  2 necrophages (D:11)
  5 black bears
  6 ogres
  6 wolves
  9 centaurs
  2 big kobolds
  7 bullfrogs
  3 wyvern zombies
  4 gnoll sergeants
  3 scorpions
  A wyvern skeleton (D:11)
  15 killer bees
  18 wights
  A howler monkey (D:9)
  4 electric eels
  5 centaur zombies
  15 orc priests
  2 gnoll shamans (D:10)
  10 hounds
  6 jellies
  14 orc wizards
  4 bullfrog skeletons
  6 iguanas
  17 worker ants
  A hound zombie (D:6)
  2 worker ant zombies
  A howler monkey zombie (D:6)
  24 gnolls
  12 adders
  A shadow imp (D:9)
  10 white imps
  8 ufetubi
  10 oozes (D:2)
  2 adder skeletons
  4 worms
  A dart slug (D:4)
  8 leopard geckos
  55 orcs
  A ball python (D:3)
  5 bats
  6 giant cockroaches
  11 goblins
  7 hobgoblins
  19 jackals
  24 kobolds
  4 quokkas
  A ball python skeleton (D:4)
  9 frilled lizards
  A quokka zombie (D:9)
  6 rats
557 creatures vanquished.

Vanquished Creatures (collateral kills)
  A death knight (D:12)
  A slime creature (D:14)
2 creatures vanquished.

Vanquished Creatures (others)
  A deep elf mage (D:14)
  3 white imps (IceCv)
  6 ufetubi (IceCv)
  5 fungi (D:2)
  8 toadstools (D:2)
23 creatures vanquished.

Grand Total: 582 creatures vanquished

Notes
Turn   | Place    | Note
-------+----------+-------------------------------------------
     0 | D:1      | Ge0ff the Halfling Hunter began the quest for the Orb.
     0 | D:1      | Reached XP level 1. HP: 14/14 MP: 1/1
   135 | D:1      | Reached skill level 6 in Slings
   140 | D:1      | Reached XP level 2. HP: 18/19 MP: 2/2
   703 | D:2      | Reached XP level 3. HP: 24/24 MP: 3/3
  1118 | D:2      | You fall into a shaft and drop 1 floor!
  1410 | D:2      | Reached XP level 4. HP: 29/29 MP: 4/4
  1534 | D:2      | Reached skill level 7 in Slings
  1678 | D:2      | Reached XP level 5. HP: 35/35 MP: 5/5
  1741 | D:2      | Reached skill level 1 in Armour
  1995 | D:3      | Reached XP level 6. HP: 41/41 MP: 6/6
  2176 | D:3      | Found a faded altar of an unknown god.
  2551 | D:3      | Reached skill level 8 in Slings
  2721 | D:4      | Found a staircase to the Ecumenical Temple.
  2730 | Temple   | Entered the Ecumenical Temple
  3103 | D:4      | Noticed Sigmund
  3133 | D:4      | Noticed an ogre
  3138 | D:4      | Killed an ogre
  3139 | D:4      | Reached XP level 7. HP: 18/46 MP: 7/7
  3327 | D:4      | Killed Sigmund
  3328 | D:4      | Reached skill level 9 in Slings
  3619 | D:4      | Reached XP level 8. HP: 54/54 MP: 8/8
  3890 | D:5      | Entered Level 5 of the Dungeon
  4150 | D:5      | Found a white marble altar of Elyvilon.
  4152 | D:5      | Found a hide-covered altar of Uskayaw.
  4153 | D:5      | Found a basalt altar of Yredelemnul.
  4465 | D:5      | Found a radiant altar of Vehumet.
  4485 | D:5      | Reached skill level 5 in Fighting
  4843 | D:6      | Reached skill level 10 in Slings
  4843 | D:6      | Reached skill level 1 in Evocations
  4924 | D:6      | Found a hazy altar of Hepliaklqana.
  4971 | D:6      | Reached XP level 9. HP: 49/61 MP: 9/9
  5073 | D:6      | Found a sacrificial altar of Ru.
  5180 | D:6      | Reached skill level 5 in Dodging
  5919 | D:6      | Found Afilo's Gadget Shop.
  6116 | D:6      | Found a broken altar of Ashenzari.
  6416 | D:7      | Found Tolecu's Antique Armour Shoppe.
  6649 | D:7      | Reached skill level 5 in Armour
  7126 | D:7      | Found an ancient bone altar of Kikubaaqudgha.
  7211 | D:7      | Found Cub Row's Weapon Boutique.
  7395 | D:8      | Reached skill level 11 in Slings
  7395 | D:8      | Reached XP level 10. HP: 67/69 MP: 10/10
  7904 | D:8      | Noticed Grum
  7935 | D:8      | Killed Grum
  7951 | D:8      | Found an opulent altar of Gozag.
  7953 | D:8      | Found a glowing silver altar of Zin.
  7965 | D:8      | Became a worshipper of Gozag Ym Sagoz the Greedy
  8025 | D:8      | Found a shimmering altar of Xom.
  8089 | D:8      | Found a shimmering blue altar of Sif Muna.
  8330 | D:9      | Found a staircase to the Lair.
  8399 | D:9      | Noticed a two-headed ogre
  8412 | D:9      | Killed a two-headed ogre
  8762 | D:9      | Found Muiwet's Serpentskin Sales.
  8969 | D:9      | Found a staircase to the Orcish Mines.
  8981 | D:9      | Reached XP level 11. HP: 77/78 MP: 11/11
  9005 | D:9      | Reached skill level 12 in Slings
  9230 | D:9      | Reached skill level 5 in Evocations
  9327 | D:10     | Entered Level 10 of the Dungeon
 10287 | D:9      | Found Muiwet's Serpentskin Sales.
 10313 | D:9      | Found a staircase to the Lair.
 10503 | D:9      | Found a staircase to the Orcish Mines.
 11038 | D:7      | Bought a +5 vorpal fustibalus for 693 gold pieces
 12323 | D:11     | Noticed a two-headed ogre
 12337 | D:11     | Killed a two-headed ogre
 12632 | D:11     | Noticed a two-headed ogre
 12637 | D:11     | Killed a two-headed ogre
 12720 | D:11     | Reached XP level 12. HP: 87/87 MP: 12/12
 12942 | D:11     | Reached skill level 13 in Slings
 13347 | D:12     | Noticed Erolcha
 13356 | D:12     | Killed Erolcha
 13357 | D:12     | Reached skill level 10 in Fighting
 13624 | D:12     | Noticed a death knight
 13639 | D:12     | Killed a death knight
 13862 | D:12     | Noticed Nergalle
 13875 | D:12     | Killed Nergalle
 13875 | D:12     | Noticed a fire crab
 13875 | D:12     | a meliai changed into a fire crab
 13875 | D:12     | Noticed a four-headed hydra
 13880 | D:12     | a fire crab changed into a jumping spider
 13889 | D:12     | Killed a four-headed hydra
 14030 | D:12     | Got a jewelled scale mail
 14045 | D:12     | Identified Sif Muna's Almanac of Ashen Summoning
 14119 | D:12     | Noticed Sonja
 14122 | D:12     | Killed Sonja
 14123 | D:12     | Reached XP level 13. HP: 83/94 MP: 13/13
 14249 | D:12     | Identified the cursed +0 scale mail "Goorut" {rElec Int+4
                  | Dex+6} (You found it on level 12 of the Dungeon)
 14407 | D:12     | Noticed a six-headed hydra
 14417 | D:12     | Killed a six-headed hydra
 14418 | D:12     | Reached skill level 14 in Slings
 14827 | D:12     | Found a runed translucent door.
 14839 | D:12     | Noticed an orc warlord
 14839 | D:12     | Noticed a lich
 14842 | D:12     | Noticed Sahoed's ghost (journeyman VSBe)
 14845 | D:12     | Found a runed translucent door.
 15146 | D:13     | Noticed Kirke
 15159 | D:13     | Reached skill level 10 in Dodging
 15161 | D:13     | Killed Kirke
 15355 | D:13     | You fall into a shaft and drop 1 floor!
 15402 | D:14     | Noticed a centaur warrior
 15431 | D:14     | Killed a centaur warrior
 15432 | D:14     | Reached skill level 10 in Armour
 15565 | D:14     | Noticed a boulder beetle
 15566 | D:14     | Noticed Frances
 15583 | D:14     | Identified Roxanne's Catalogue of Changing
 15583 | D:14     | Noticed Roxanne
 15617 | D:14     | Killed Roxanne
 15618 | D:14     | Reached XP level 14. HP: 103/103 MP: 14/14
 15842 | D:13     | Reached skill level 15 in Slings
 16214 | D:13     | Found a gate to the Vaults.
 17541 | D:14     | Killed Frances
 17603 | D:15     | Entered Level 15 of the Dungeon
 17926 | D:15     | Found a frozen archway.
 17954 | D:15     | HP: 5/106 [ice dragon/blast of cold (60)]
 17961 | D:15     | Reached XP level 15. HP: 68/111 MP: 15/15
 17991 | IceCv    | Entered an ice cave
 18673 | IceCv    | Reached skill level 16 in Slings
 18820 | IceCv    | Noticed a reaper
 18842 | IceCv    | Killed a reaper
 19159 | IceCv    | Engulfed by a cloud of freezing vapour

Illustrated notes

Levels and vault maps discovered:
D:1:      tarquinn_simple_flora_water_d, layout_rooms,
          chequers_decorated_corner, minmay_close_crescents
D:2:      cheibrodos_fertilizer, layout_basic
D:3:      wad_river_or_something, layout_basic,
          chequers_ecumenical_altar_simple_redux
D:4:      cheibrodos_barr_body, layout_loops_ring, temple_green, uniq_sigmund
D:5:      layout_basic, vehumet_crystals, minitemple
D:6:      layout_basic, old_standard_altar, lemuel_crystal_altar,
          nicolae_ashenzari_panopticon, serial_shops, nicolae_shop_statue_plus
D:7:      layout_cave_pools, marbit_many_paths, serial_shops, shop,
          nicolae_shop_behind_doors, minmay_misc_feat_x
D:8:      layout_loops_ring, grunt_temple_overflow_gold_and_silver,
          lemuel_blue_sif_altar, basic_altar, uniq_grum
D:9:      layout_grid_maze, lair_entry_dummy, orc_0_dummy, guppyfry_shop_venom
D:10:     layout_big_octagon, serial_gnoll_camp, gnoll_camp_mini_loothouse,
          gnoll_camp_mini_doghouse, gnoll_camp_medium_01, gnoll_camp_huts_basic,
          feat_on_display
D:11:     layout_basic
D:12:     minmay_the_grid_octo_tiled_squarecenter_mashed
          [minmay_the_grid_octo_tetromino_candy, minmay_the_grid_octo_horde,
          minmay_the_grid_octo_odd_swirl, minmay_the_grid_octo_clover_2,
          minmay_the_grid_square_5x5_megaprize_crossed,
          minmay_the_grid_square_5x5_six_small,
          minmay_the_grid_square_5x5_hollow_slash,
          minmay_the_grid_square_5x5_three_walls,
          minmay_the_grid_square_5x5_empty], layout_basic,
          muffindrake_ghost_dual_entry, uniq_sonja, uniq_erolcha, uniq_nergalle
D:13:     layout_stronghold, david_vaults_1, lightli_corner_chamber, uniq_kirke
D:14:     layout_basic, uniq_frances, uniq_roxanne
D:15:     grunt_enter_depths_giant_problem, layout_stronghold,
          portal_ice_cave_entry_animals_and_master, dk_noncrumbling_4,
          minmay_misc_feat_ornament, nrook_campfire, uniq_nessos
Temple:   minmay_temple_curvy_loop
IceCv:    ice_cave_small_demon

Skill      XL: |  1  2  3  4  5  6  7  8  9 10 11 12 13 14 15 |
---------------+----------------------------------------------+-----
Slings         | 6 7 8 9 10 11 12 13 14 15 16 | 16.0
Fighting       | 2 3 4 5 6 8 9 10 12 13 | 13.4
Stealth        | 2 3 |  3.0
Armour         | 1 2 3 4 5 6 7 9 10 11 | 11.2
Dodging        | 3 4 5 7 8 9 10 11 | 11.5
Evocations     | 1 3 4 6 7 8 9 |  9.8

Action                   |  1- 3 |  4- 6 |  7- 9 | 10-12 | 13-15 || total
-------------------------+-------+-------+-------+-------+-------++-------
Melee: Spear             |       |       |       |     8 |       ||     8
 Fire: Hunting sling     |   103 |   148 |   497 |   447 |       ||  1195
       Fustibalus        |       |       |       |   487 |   744 ||  1231
Throw: Dart              |       |       |       |     2 |     2 ||     4
Invok: Potion Petition   |       |       |       |       |     3 ||     3
Evoke: Wand              |       |     2 |     4 |     6 |     2 ||    14
       Condenser vane    |       |       |       |     1 |     2 ||     3
       Phantom mirror    |       |       |       |     1 |     1 ||     2
       Phial of floods   |       |       |       |       |     1 ||     1
  Use: Scroll            |     9 |     3 |     5 |     8 |     8 ||    33
       Potion            |       |       |       |     2 |     3 ||     5
 Stab: Paralysed         |       |       |       |     7 |       ||     7
Armor: Leather armour    |     5 |     4 |       |       |       ||     9
       Ring mail         |       |     2 |    18 |       |       ||    20
       Scale mail        |       |       |    15 |    85 |       ||   100
       Fire dragon scale |       |       |       |    22 |    61 ||    83
Dodge: Dodged            |    17 |    17 |    65 |   326 |   167 ||   592

Table legend: (Time is in decaauts)
 A = Elapsed time spent in this place.
 B = Non-inter-level travel time spent in this place.
 C = Inter-level travel time spent in this place.
 D = Time resting spent in this place.
 E = Time spent auto-exploring this place.
 F = Levels seen in this place.
 G = Mean time per level.
                   A        B        C        D        E       F      G
               +--------+--------+--------+--------+--------+-----+--------+
         Total |  18510 |  17614 |    896 |    866 |  11750 |  17 | 1088.8 |
       Dungeon |  17182 |  16309 |    873 |    377 |  11370 |  15 | 1145.5 |
        Temple |    211 |    188 |     23 |      0 |    187 |   1 |  211.0 |
      Ice Cave |   1116 |   1116 |      0 |    489 |    192 |   1 | 1116.0 |
               +--------+--------+--------+--------+--------+-----+--------+

Top non-repeatable levels by time:
     D:9: 2640 daAuts
    D:12: 1667 daAuts
     D:6: 1504 daAuts
    D:14: 1201 daAuts
    D:13: 1137 daAuts
    D:11: 1134 daAuts
   IceCv: 1116 daAuts
     D:2: 1113 daAuts
    D:10: 1044 daAuts
     D:8: 1018 daAuts
     D:4: 976 daAuts
     D:7: 947 daAuts
     D:5: 900 daAuts
     D:3: 888 daAuts
     D:1: 656 daAuts
